 Dungeon Crawl Stone Soup version 0.23.2-1-ga50397a (webtiles) character file.

Game seed: 17709383485561770671

55 doot the Magician (level 3, -8/21 HPs)
             Began as an Octopode Wizard on May 5, 2019.
             Killed by nerve-wracking pain
             ... invoked by Jessica
              (9 damage)
             ... on level 2 of the Dungeon.
             The game lasted 00:05:18 (2062 turns).

doot the Magician (Octopode Wizard)                 Turns: 2062, Time: 00:05:19

Health: -8/21      AC:  1    Str:  6    XL:     3   Next: 93%
Magic:  4/8        EV: 13    Int: 21    God:
Gold:   41         SH:  0    Dex: 10    Spells: 2/9 levels left

rFire    . . .     SeeInvis .   b - +0 dagger
rCold    . . .     Gourm    .   (no shield)
rNeg     . . .     Faith    .   a - +0 hat
rPois    .         Spirit   .   (no amulet)
rElec    .         Reflect  .   (no ring)
rCorr    .         Harm     .   (no ring)
MR       .....                  (no ring)
Stlth    +++.......             (no ring)
HPRegen  0.07/turn              (no ring)
MPRegen  0.11/turn              (no ring)
                                (no ring)
                                (no ring)

@: no status effects
A: almost no armour, stealthy swim, amphibious, 8 rings, constrict 8, camouflage
1, gelatinous body 1
a: no special abilities


You were on level 2 of the Dungeon.
You were hungry.

You visited 1 branch of the dungeon, and saw 2 of its levels.

You collected 41 gold pieces.

Inventory:

Hand Weapons
 b - a +0 dagger (weapon)
Missiles
 e - 8 needles of confusion
Armour
 a - a +0 hat (worn)
Scrolls
 d - 3 scrolls of identify {unknown}
 h - a scroll of immolation {unknown}
 i - a scroll of random uselessness {unknown}
Potions
 g - a potion of might
 j - a potion of invisibility
Comestibles
 c - a ration


   Skills:
 + Level 0.2 Fighting
 + Level 0.3 Short Blades
 + Level 2.2 Dodging
 + Level 3.6 Stealth
 + Level 3.9 Spellcasting
 + Level 1.0 Conjurations
 + Level 1.0 Summonings
 + Level 1.0 Translocations


You had 2 spell levels left.
You knew the following spells:

 Your Spells              Type           Power        Failure   Level  Hunger
a - Magic Dart            Conj           #...         8%          1    None
b - Blink                 Tloc           N/A          12%         2    #......
c - Call Imp              Summ           #.......     12%         2    #......
d - Slow                  Hex            #.......     19%         2    #......

Your spell library contained the following spells:

 Spells                   Type           Power        Failure   Level  Hunger
 Conjure Flame            Conj/Fire      #.......     28%         3    ###....
 Mephitic Cloud           Conj/Pois/Air  #.......     32%         3    ###....


Dungeon Overview and Level Annotations

Branches:
Dungeon (2/15)

Altars:

Annotations:
D:2 Jessica, Sigmund


Innate Abilities, Weirdness & Mutations

You cannot wear most types of armour.
You are very stealthy in the water. (Stealth+)
You are amphibious.
You can wear up to eight rings at the same time.
You can use your tentacles to constrict eight enemies at once.
Your skin changes colour to match your surroundings (Stealth+).
Your rubbery body absorbs attacks. (AC +1, EV +1)


Message History

A beastly little devil appears in a puff of flame.
Something hits you.
You start resting.
Something barely misses you.
You start resting.
Something barely misses you.
You hit something. Something hits you.
You swap places.
Something hits your crimson imp but does no damage.
Your crimson imp blinks!
Something hits you.
Your crimson imp barely misses something.
Something hits you but does no damage.
Your crimson imp closely misses something.
Something hits you.
* * * LOW HITPOINT WARNING * * *
Your crimson imp closely misses something.
You hit something. Something hits you.
* * * LOW HITPOINT WARNING * * *
Your crimson imp hits something.
Pain shoots through your body!
You die...

### #...#
...#####...#
...........# #####
....###....# #...#
#........# #.#.#
#.#.#......#.#.#
#...#....###.#.#
#.#.#.#.## #.#.#
....@#.#.# #.#@#
.#. #g#.#.# #.#.#
#. ..#.#.# #.#{# ##
####### # ....#
#.#5# .. [....# ...
#.#.# .# #..##
#.#.##..# .? #....
#.#.(...#..#..
#..##
#.#####...{).###..#
#.#.. ..###.g.....#


You could see a friendly crimson imp.

Vanquished Creatures
  2 giant cockroaches (D:1)
  6 goblins
  4 hobgoblins
  13 jackals (D:1)
  9 kobolds
  3 frilled lizards (D:1)
  7 rats
44 creatures vanquished.

Vanquished Creatures (collateral kills)
  2 goblins (D:1)
  A hobgoblin (D:1)
  A jackal (D:1)
  2 bats
  A frilled lizard (D:1)
  A kobold (D:1)
8 creatures vanquished.

Grand Total: 52 creatures vanquished

Notes
Turn   | Place    | Note
-------+----------+-------------------------------------------
     0 | D:1      | doot the Octopode Wizard began the quest for the Orb.
     0 | D:1      | Reached XP level 1. HP: 11/11 MP: 4/4
    67 | D:1      | Reached XP level 2. HP: 3/17 MP: 0/6
   130 | D:1      | Learned a level 2 spell: Blink
   133 | D:1      | Learned a level 2 spell: Call Imp
   136 | D:1      | Learned a level 2 spell: Slow
   879 | D:1      | Reached XP level 3. HP: 5/21 MP: 0/8
  1770 | D:2      | Noticed Sigmund
  2039 | D:2      | Noticed Jessica
  2059 | D:2      | HP: 1/21 [something (5)]
  2062 | D:2      | Killed from afar by Jessica

Skill      XL: |  1  2 |
---------------+-------+-----
Stealth        | 3 |  3.6
Fighting       | |  0.2
Short Blades   | |  0.3
Dodging        | |  2.2
Spellcasting   | |  3.9
Conjurations   | |  1.0
Summonings     | |  1.0
Translocations | |  1.0

Action                   || total
-------------------------++-------
Melee: Dagger            ||    92
       Constrict         ||    21
       Tentacles         ||    15
 Cast: Magic Dart        ||    38
       Call Imp          ||     9
  Use: Potion            ||     1
 Stab: Sleeping          ||     3
  Eat: Chunk             ||     3
Armor: Skin              ||     7
Dodge: Dodged            ||    88
